 Dungeon Crawl Stone Soup version 0.28-a0-1080-g05a166d0ed (webtiles) character file.

Game seed: 7764245641800069576

136 senseless the Skirmisher (level 5, 0/33 HPs)
             Began as a Gargoyle Fighter on Dec 9, 2021.
             Was a Follower of Elyvilon.
             Slain by Natasha (1 damage)
             ... on level 2 of the Dungeon.
             The game lasted 00:03:14 (2215 turns).

senseless the Skirmisher (Gargoyle Fighter)         Turns: 2215, Time: 00:03:16

Health: 0/33       AC: 17    Str: 21    XL:     5   Next: 19%
Magic:  5/5        EV:  6    Int:  9    God:    Elyvilon [*.....]
Gold:   88         SH:  4    Dex:  9    Spells: 4/4 levels left

rFire   . . .      SeeInvis .   a - +0 flail
rCold   . . .      Faith    .   c - +0 buckler
rNeg    + . .      Spirit   .   h - +0 plate armour
rPois   ∞          Reflect  .   i - +0 helmet
rElec   +          Harm     .   (no cloak)
rCorr   .          Rampage  .   (no gloves)
Will    .....                   (no boots)
Stlth   ..........              (no amulet)
HPRegen 0.11/turn               (no ring)
MPRegen 0.09/turn               (no ring)

@: slowed, very slow
A: sickness immunity, AC +4, negative energy resistance 1, electricity
resistance, torment resistance 1, petrification resistance
a: Renounce Religion, Purification


You were on level 2 of the Dungeon.
You worshipped Elyvilon.
Elyvilon was aware of your devotion.
You visited 1 branch of the dungeon, and saw 2 of its levels.

You collected 88 gold pieces.

Inventory:

Hand Weapons
 a - a +0 flail (weapon)
 n - a +1 dagger of protection
Armour
 b - a +0 scale mail
 c - a +0 buckler (worn)
 h - a +0 plate armour (worn)
 i - a +0 helmet (worn)
Scrolls
 f - a scroll of blinking {unknown}
 j - a scroll of summoning {unknown}
 k - a scroll of teleportation {unknown}
 l - a scroll of brand weapon {unknown}
Potions
 d - a potion of might
 e - a potion of invisibility {unknown}
 g - a potion of mutation {unknown}
 m - a potion of cancellation {unknown}
 o - a potion of curing {unknown}


   Skills:
 + Level 4.2 Fighting
 + Level 3.5 Maces & Flails
 + Level 4.1 Armour
 + Level 0.3 Dodging
 + Level 3.7 Shields


You had 4 spell levels left.
You didn't know any spells.
Your spell library contained the following spells:

 Spells                   Type           Power      Damage    Failure   Level
 Foxfire                  Conj/Fire      0%         2x1d4     100%        1
 Conjure Flame            Conj/Fire      0%         6-21      100%        3
 Inner Flame              Hex/Fire       0%         N/A       100%        3
 Animate Armour           Summ/Erth      0%         N/A       100%        4
 Flame Wave               Conj/Fire      0%         2d4       100%        4
 Blade Hands              Tmut           0%         N/A       100%        5
 Iron Shot                Conj/Erth      0%         9d1       100%        6


Dungeon Overview and Level Annotations

Branches:
Dungeon (2/15)

Altars:
Elyvilon

Annotations:
D:2 Natasha


Innate Abilities, Weirdness & Mutations

You are immune to sickness and miasma.
Your stone body is resilient. (AC +4)
You are immune to poison.
You resist negative energy. (rN+)
You are resistant to electric shocks. (rElec)
You are resistant to unholy torment.
You are immune to petrification.


Message History

You closely miss Natasha.
The white imp hits you but does no damage.
Natasha closely misses you.
You hit Natasha.
Natasha is lightly wounded.
The white imp hits you but does no damage.
Natasha howls an incantation.
Natasha shimmers violently.
Natasha claws you.
You sock Natasha!
Natasha is almost dead.
The white imp gestures at you. The puff of frost hits you.
Natasha claws you but does no damage.
You closely miss Natasha.
Natasha is almost dead.
The white imp gestures at you. The puff of frost hits you.
* * * LOW HITPOINT WARNING * * *
Natasha stares at you and mumbles some strange words.
You feel yourself slow down. Natasha claws you but does no damage.
The white imp barely misses you.
You closely miss Natasha.
Natasha is almost dead.
The white imp barely misses you. Natasha claws you.
* * * LOW HITPOINT WARNING * * *
You barely miss Natasha.
Natasha is almost dead.
The white imp gestures at you.
The puff of frost hits you but does no damage.
Natasha casts a spell at you.
The magic dart hits you but does no damage.
The white imp hits you but does no damage.
Natasha mumbles some strange words.
You barely miss Natasha.
Natasha is almost dead.
The white imp gestures at you. The puff of frost hits you.
* * * LOW HITPOINT WARNING * * *
Natasha claws you.
You die...

.................................
..........(......................
#.....#..........................
#########....>..................#
##........................
#.........................
#.............#..........#
#........5h####....#......
#........@.# #..#.#...†..
#.......5..# .##..####..
##........####..###.#....#
##.....^#........#......#
########........###....#
#........ #....# #........ #..(.#
#........ #....# #........ #....#


You could see Natasha, a crimson imp (summoned) and a white imp (summoned).

Vanquished Creatures
  Jessica (D:2)
  Natasha (D:2)
  Robin (D:2)
  3 adders (D:2)
  A dart slug (D:2)
  A ball python (D:1)
  2 bats (D:1)
  2 endoplasms
  A giant cockroach (D:1)
  13 goblins (D:2)
  4 hobgoblins (D:2)
  5 kobolds
  3 quokkas
  2 frilled lizards (D:2)
  5 rats
45 creatures vanquished.

Notes
Turn   | Place    | Note
-------+----------+-------------------------------------------
     0 | D:1      | senseless the Gargoyle Fighter began the quest for the Orb.
     0 | D:1      | Reached XP level 1. HP: 14/14 MP: 1/1
   466 | D:1      | Reached XP level 2. HP: 19/19 MP: 2/2
   889 | D:1      | Found a faded altar of an unknown god.
  1331 | D:1      | Prayed at the altar of an unknown god.
  1331 | D:1      | Became a worshipper of Elyvilon the Healer
  1331 | D:1      | Reached * piety under Elyvilon
  1353 | D:2      | Reached XP level 3. HP: 18/24 MP: 3/3
  1595 | D:2      | Noticed Robin
  1609 | D:2      | Killed Robin
  1610 | D:2      | Reached XP level 4. HP: 29/29 MP: 4/4
  1973 | D:2      | Noticed Jessica
  1988 | D:2      | Killed Jessica
  2132 | D:2      | Noticed Natasha
  2155 | D:2      | Killed Natasha
  2156 | D:2      | Reached XP level 5. HP: 18/33 MP: 5/5
  2204 | D:2      | Noticed Natasha
  2215 | D:2      | HP: 1/33 [white imp/puff of frost[Natasha] (5)]
  2215 | D:2      | Slain by Natasha

Illustrated notes

Levels and vault maps discovered:
D:1:      wander_arrival_desolate, layout_basic, ebering_ecumenical_altar_rust
D:2:      layout_rooms, minmay_fractal_squares_gapless_5, uniq_jessica,
          uniq_robin, uniq_natasha

Skill      XL: |  1  2  3  4 |
---------------+-------------+-----
Fighting       | 4 |  4.2
Maces & Flails | 3 |  3.5
Armour         | 4 |  4.1
Dodging        | |  0.3
Shields        | |  3.7

Action                   |  1- 3 |  4- 6 || total
-------------------------+-------+-------++-------
Melee: Flail             |   112 |   102 ||   214
Armor: Scale mail        |    56 |       ||    56
       Plate armour      |    10 |    90 ||   100
Dodge: Dodged            |    56 |    41 ||    97
Block: Buckler           |    28 |    20 ||    48

Table legend: (Time is in decaauts)
 A = Elapsed time spent in this place.
 B = Non-inter-level travel time spent in this place.
 C = Inter-level travel time spent in this place.
 D = Time resting spent in this place.
 E = Time spent auto-exploring this place.
 F = Levels seen in this place.
 G = Mean time per level.
                   A        B        C        D        E       F      G
               +--------+--------+--------+--------+--------+-----+--------+
         Total |   2286 |   2217 |     69 |     64 |   1714 |   2 | 1143.0 |
       Dungeon |   2286 |   2217 |     69 |     64 |   1714 |   2 | 1143.0 |
               +--------+--------+--------+--------+--------+-----+--------+

Top non-repeatable levels by time:
     D:1: 1362 daAuts
     D:2: 924 daAuts
